 Dungeon Crawl Stone Soup version 0.22-a0-252-gcace5d2 (webtiles) character file.

1255 4thArraOfDagon the Covert (level 8, -15/34 HPs)
             Began as a Felid Chaos Knight on Mar 2, 2018.
             Demolished by an eight-headed hydra (16 damage)
             ... on level 10 of the Dungeon.
             The game lasted 00:15:51 (2851 turns).

4thArraOfDagon the Covert (Felid Chaos Knight)      Turns: 2851, Time: 00:15:52

Health: -15/34     AC:  2    Str:  5 (8)  XL:     8   Next: 26%
Magic:  0/9        EV: 22    Int: 14 (15) God:    Xom [......]
Gold:   206        SH:  0    Dex: 15 (18) Spells: 7/7 levels left
                                        Lives:  0   Deaths: 2

rFire    . . .     SeeInvis +     - Unarmed
rCold    . . .     Gourm    .   (shield unavailable)
rNeg     . . .     Faith    .   (armour unavailable)
rPois    +         Spirit   +   (helmet unavailable)
rElec    .         Reflect  .   (cloak unavailable)
rCorr    .         Harm     .   (gloves unavailable)
MR       ++...                  (boots unavailable)
Stlth    +++++.....             h - amulet of guardian spirit
HPRegen  0.11/turn              (no ring)
MPRegen  0.11/turn              o - ring of wizardry

@: quick
A: very small, no armour, no weapons or thrown items, stealth, antennae 1, claws
1, fangs 3, see invisible, agile 1, carnivore, speed 1, magic resistance 1,
poison resistance, shaggy fur 2, slow metabolism 1, sharp paws
a: Renounce Religion


You were on level 10 of the Dungeon.
You worshipped Xom.
You were a very special plaything of Xom.
You were very full.

You visited 1 branch of the dungeon, and saw 13 of its levels.

You collected 206 gold pieces.

Inventory:

Jewellery
 h - an amulet of guardian spirit (around neck)
 o - a ring of wizardry (right paw)
Scrolls
 b - 4 scrolls of amnesia {unknown}
 c - 2 scrolls of noise {unknown}
 d - 2 scrolls of fear {unknown}
 e - 2 scrolls of remove curse
 l - 2 scrolls of enchant weapon {unknown}
 n - a scroll of blinking {unknown}
 p - a scroll of enchant armour
Potions
 j - a potion of heal wounds
 k - a potion of might
Miscellaneous
 g - a sack of spiders
Comestibles
 a - 9 rations


   Skills:
 - Level 3.0 Fighting
 + Level 7.4 Dodging
 * Level 10.2 Stealth
 * Level 7.9 Unarmed Combat


You had 7 spell levels left.
You didn't know any spells.

Dungeon Overview and Level Annotations

Branches:
Dungeon (13/15)              Lair (0/6) D:8
 Temple: D:4-7          Orc: D:9-12      Vaults: D:13-14

Altars:
Elyvilon
Gozag
Makhleb
Okawaru
Xom

Annotations:
D:4 Eustachio; KristoblXynda's ghost, amateur DrGl
D:6 Menkaure
D:9 Erolcha
D:12 Urug


Innate Abilities, Weirdness & Mutations

You cannot wear armour.
You are incapable of wielding weapons or throwing items.
Your paws allow you to move quietly. (Stealth)
You have sharp claws.
You have razor-sharp teeth.
You have supernaturally acute eyesight. (SInv)
You are carnivorous and can eat meat at any time.
You cover ground quickly.
You are covered in thick fur. (AC +2)
You have a slow metabolism.
Your sharp claws are effective at attacking unaware monsters.
You have a pair of small antennae on your head.
You are agile. (Dex +2)
You are resistant to hostile enchantments. (MR+)
Your system is resistant to poisons. (rPois)


Message History

A hound, a hydra, a sky beast and a zombie come into view.
Found an escape hatch in the floor.
Unknown command.
You pounce on the unaware helpless wyvern zombie!
You eviscerate the wyvern zombie!!!
You destroy the wyvern zombie!
The bullfrog hits you.
Unknown command.
The bullfrog hits you but does no damage.
The eight-headed hydra bites you!
* * * LOW HITPOINT WARNING * * *
The eight-headed hydra misses you. The eight-headed hydra bites you!
* * * LOW HITPOINT WARNING * * *
The hound barks!
The eight-headed hydra bites you.
* * * LOW HITPOINT WARNING * * *
You emit a cloud of colourful smoke!
The eight-headed hydra bites you!
You die...
Xom howls with laughter!

#.....# .# ##.....#
..###......###. ###..
............... ##...
......h........ #....
............... .....
......§.D...... .....
.....Y§@F...... .....
......§§§...... ......
............... .......
............... ........
..................#.....
.................###....
................#####.).
..###......###.#######..
.# ##.....# #..#####...


You could see an eight-headed hydra, a sky beast, a bullfrog and a hound.

Vanquished Creatures
  A death yak (D:8)
  A two-headed ogre (D:8)
  A yak (D:8)
  A hungry ghost (D:12)
  A centaur (D:8)
  An ice beast (D:11)
  A necrophage (D:12)
  A bullfrog (D:10)
  A wyvern zombie (D:10)
  A scorpion (D:11)
  A killer bee (D:11)
  A crimson imp (D:8)
  A jelly (D:9)
  An orc priest (D:8)
  2 iguanas
  Crazy Yiuf (D:2)
  2 orc wizards (D:9)
  A hound skeleton (D:9)
  A howler monkey skeleton (D:9)
  5 adders
  An ooze (D:1)
  A worm (D:11)
  A dart slug (D:1)
  8 orcs
  A giant cockroach (D:3)
  4 goblins
  2 hobgoblins
  A jackal (D:10)
  2 kobolds
  A quokka (D:3)
  6 bats
  3 frilled lizards
  A quokka zombie (D:7)
  4 rats
62 creatures vanquished.

Vanquished Creatures (collateral kills)
  A hornet (D:8)
  An iguana (D:3)
  A jackal (D:10)
3 creatures vanquished.

Vanquished Creatures (others)
  A plant (D:11)
1 creature vanquished.

Grand Total: 66 creatures vanquished

Notes
Turn   | Place    | Note
-------+----------+-------------------------------------------
     0 | D:1      | 4thArraOfDagon the Felid Chaos Knight began the quest for the Orb.
     0 | D:1      | Reached XP level 1. HP: 10/10 MP: 2/2
    69 | D:1      | Reached skill level 1 in Stealth
    69 | D:1      | Reached XP level 2. HP: 13/14 MP: 3/3
   359 | D:1      | XOM: harmless Pois miscast
   483 | D:2      | XOM: noise
   581 | D:2      | Reached skill level 2 in Stealth
   620 | D:2      | Found a runed door.
   624 | D:2      | Noticed Crazy Yiuf
   702 | D:2      | XOM: divination: magic mapping
   737 | D:2      | XOM: cast spell 'Olgreb's Toxic Radiance'
   745 | D:2      | XOM: harmless Hex miscast
   748 | D:2      | Killed Crazy Yiuf
   748 | D:2      | Reached XP level 3. HP: 13/17 MP: 4/4
  1006 | D:3      | Reached skill level 3 in Stealth
  1211 | D:3      | Reached XP level 4. HP: 21/21 MP: 5/5
  1221 | D:3      | Found a burning altar of Makhleb.
  1239 | D:4      | Noticed Eustachio
  1247 | D:4      | XOM: potion effect (curing)
  1248 | D:4      | Noticed KristoblXynda's ghost (amateur DrGl)
  1263 | D:4      | XOM: silly message
  1267 | D:4      | XOM: scenery: create altars
  1290 | D:4      | XOM: potion effect (brilliance)
  1292 | D:4      | XOM: cast spell 'Leda's Liquefaction'
  1316 | D:4      | XOM: summons 4 friendly demons
  1337 | D:4      | Found an iron altar of Okawaru.
  1348 | D:4      | Found an opulent altar of Gozag.
  1577 | D:2      | XOM: divination: detect creatures
  1716 | D:3      | XOM: cast spell 'Summon Hydra'
  1749 | D:4      | XOM: scenery: create altars
  1753 | D:4      | XOM: fog
  1758 | D:5      | XOM: noise
  1758 | D:5      | Entered Level 5 of the Dungeon
  1810 | D:6      | Noticed a phantom
  1838 | D:6      | XOM: summons friendly white imp
  1890 | D:6      | Noticed an ice beast
  1893 | D:6      | Noticed Menkaure
  1960 | D:7      | You fall through a shaft!
  1977 | D:8      | Noticed a death yak
  1978 | D:8      | XOM: cleaving
  1980 | D:8      | Noticed a hornet
  1982 | D:8      | XOM: cleaving
  1994 | D:8      | XOM: enchant monster (good)
  2009 | D:8      | Killed a hornet
  2009 | D:8      | Reached skill level 4 in Stealth
  2009 | D:8      | Reached XP level 5. HP: 24/24 MP: 6/6
  2025 | D:8      | Noticed a black bear
  2042 | D:8      | Slain by a death yak
  2043 | D:8      | Reached XP level 4. HP: -3/21 MP: 0/5
  2047 | D:8      | XOM: 3-stop teleportation journey
  2054 | D:8      | Noticed a two-headed ogre
  2064 | D:8      | Killed a two-headed ogre
  2064 | D:8      | Reached skill level 5 in Dodging
  2064 | D:8      | Reached skill level 7 in Stealth
  2064 | D:8      | Reached XP level 5. HP: 24/24 MP: 6/6
  2064 | D:8      | Gained mutation: You are covered in thick fur. (AC +2) [Felid growth]
  2064 | D:8      | Reached XP level 6. HP: 28/28 MP: 7/7
  2064 | D:8      | Reached XP level 7. HP: 31/31 MP: 8/8
  2094 | D:8      | Noticed a yak
  2095 | D:8      | Noticed a death yak
  2095 | D:8      | Noticed a yak
  2095 | D:8      | Noticed a yak
  2095 | D:8      | XOM: destruction
  2096 | D:8      | Noticed a yak
  2097 | D:8      | Noticed a yak
  2098 | D:8      | Noticed a yak
  2104 | D:8      | XOM: cast spell 'Necromutation'
  2106 | D:8      | XOM: enchant monster (good)
  2107 | D:8      | Killed a yak
  2107 | D:8      | Reached skill level 8 in Stealth
  2110 | D:8      | Noticed a death yak
  2110 | D:8      | Killed a death yak
  2111 | D:8      | XOM: butterfly on damage
  2126 | D:8      | Noticed a satyr
  2126 | D:8      | a death yak changed into a satyr
  2126 | D:8      | XOM: polymorph death yak -> satyr
  2131 | D:8      | Noticed a hippogriff
  2131 | D:8      | Noticed a ghost moth
  2131 | D:8      | a satyr changed into a ghost moth
  2131 | D:8      | XOM: polymorph satyr -> ghost moth
  2131 | D:8      | Noticed an entropy weaver
  2131 | D:8      | a ghost moth changed into an entropy weaver
  2134 | D:8      | Noticed a yak
  2136 | D:8      | Noticed a fire dragon
  2136 | D:8      | an entropy weaver changed into a fire dragon
  2141 | D:8      | XOM: swap monsters
  2142 | D:8      | Noticed a tyrant leech
  2142 | D:8      | HP: 1/31 [yak (4)]
  2143 | D:8      | XOM: medium Necr miscast
  2144 | D:8      | Noticed a shadow
  2144 | D:8      | Noticed a shadow
  2144 | D:8      | Noticed an ettin
  2144 | D:8      | a tyrant leech changed into an ettin
  2144 | D:8      | Killed from afar by an orc priest
  2145 | D:8      | Reached XP level 6. HP: -13/28 MP: 0/7
  2159 | D:8      | Found a staircase to the Lair.
  2186 | D:9      | Reached XP level 7. HP: 31/31 MP: 8/8
  2271 | D:9      | Noticed Erolcha
  2317 | D:9      | XOM: noise
  2370 | D:10     | Entered Level 10 of the Dungeon
  2396 | D:10     | Reached skill level 9 in Stealth
  2412 | D:10     | XOM: enchant monster (bad)
  2440 | D:9      | XOM: confusion
  2448 | D:10     | Noticed a troll
  2451 | D:10     | Gained mutation: You are agile. (Dex +2) [potion of mutation]
  2451 | D:10     | Gained mutation: Your system is resistant to poisons. (rPois) [potion of mutation]
  2451 | D:10     | Gained mutation: You are resistant to hostile enchantments. (MR+) [potion of mutation]
  2451 | D:10     | Gained mutation: You have a pair of small antennae on your head. [potion of mutation]
  2453 | D:10     | XOM: summons 3 friendly demons
  2488 | D:10     | XOM: 1-stop teleportation journey
  2489 | D:10     | Noticed a shadow
  2495 | D:10     | XOM: blink monster(s)
  2496 | D:11     | XOM: noise
  2524 | D:11     | XOM: enchant monster (bad)
  2542 | D:11     | XOM: enchant monster (bad)
  2552 | D:11     | XOM: butterfly on damage
  2559 | D:11     | XOM: polymorph worm -> killer bee
  2563 | D:11     | XOM: repel stairs
  2608 | D:11     | XOM: medium Chrm miscast
  2680 | D:12     | Noticed a gargoyle
  2681 | D:12     | Reached XP level 8. HP: 34/34 MP: 9/9
  2688 | D:12     | XOM: harmless Ice miscast
  2695 | D:13     | Noticed a tengu warrior
  2702 | D:12     | Reached skill level 10 in Stealth
  2732 | D:12     | XOM: divination: detect items
  2744 | D:12     | Found a white marble altar of Elyvilon.
  2745 | D:12     | Noticed Urug
  2797 | D:11     | Noticed a gargoyle
  2799 | D:11     | Noticed a two-headed ogre
  2800 | D:11     | XOM: enchant monster (bad)
  2813 | D:11     | XOM: summons 4 hostile shadow creatures
  2814 | D:11     | Noticed a troll
  2822 | D:11     | Noticed a hornet
  2822 | D:11     | a warg changed into a hornet
  2822 | D:11     | XOM: polymorph warg -> hornet
  2828 | D:11     | Noticed a kobold demonologist
  2830 | D:11     | Noticed a hellwing
  2849 | D:10     | Noticed an eight-headed hydra
  2851 | D:10     | HP: 1/34 [eight-headed hydra (3)]
  2851 | D:10     | XOM: smoke on damage
  2851 | D:10     | Demolished by an eight-headed hydra

Vault maps used:
D:1:      dpeg_arrival_subterranean_lakeside_camping
D:2:      uniq_crazy_yiuf_cottage
D:3:      lemuel_round_altar, st_stairs_9
D:4:      wad_pebble_path, nicolae_gozag_seed_capital, first_ration,
          okawaru_ov_weapons_minmay, uniq_eustachio
D:5:      kennysheep_mini, hangedman_decor_points, nicolae_ru_awakened_eye
D:6:      grunt_temple_overflow_diamond, temple_fountains, serial_shops, shop,
          uniq_prince_ribbit1, uniq_sigmund, uniq_menkaure, uniq_edmund
D:7:      kennysheep_mini_moat, marbit_many_paths
D:8:      dpeg_lair_monsters, serial_shops, shop
D:9:      minivault_19, uniq_erolcha, uniq_pikel
D:10:     blue_anna_alchemist, kennysheep_generic_room_12
D:11:     david_orc_1_choice, st_stairs_7, worms_lemuel
D:12:     elyvilon_altar_5, uniq_psyche, uniq_urug
D:13:     cheibrodos_monumental

Skill      XL: |  1  2  3  4  5  6  7  8 |
---------------+-------------------------+-----
Stealth        | 1 2 3 7 9 10 | 10.2
Dodging        | 5 7 |  7.4
Unarmed Combat | 6 7 |  7.9
Fighting       | |  3.0

Action                   |  1- 3 |  4- 6 |  7- 9 || total
-------------------------+-------+-------+-------++-------
Melee: Unarmed           |    69 |    36 |    60 ||   165
       Bite              |     7 |     5 |     7 ||    19
       Punch             |       |     1 |     2 ||     3
  Use: Potion            |       |     5 |     7 ||    12
       Scroll            |       |       |     6 ||     6
 Stab: Sleeping          |     6 |     4 |    14 ||    24
  Eat: Chunk             |     7 |     4 |     4 ||    15
Armor: Skin              |     3 |     3 |     2 ||     8
Dodge: Dodged            |    44 |    36 |    72 ||   152

Table legend:
 A = Spawn XP
 B = Non-spawn XP
 C = Spawn XP percentage of total XP
 D = Spawn monster count
 E = Non-spawn monster count
 F = Spawn count percentage of total count
 G = Total turns spent on level
                    A         B        C        D         E        F      G
               +---------+---------+-------+---------+---------+-------+---------
         Total |       0 |    2613 |   0.0 |       0 |      65 |   0.0 |  2851
               +---------+---------+-------+---------+---------+-------+---------
           D:1 |       0 |      21 |   0.0 |       0 |       8 |   0.0 |   483
           D:2 |       0 |      46 |   0.0 |       0 |       8 |   0.0 |   656
           D:3 |       0 |      50 |   0.0 |       0 |      12 |   0.0 |   473
           D:4 |       0 |      25 |   0.0 |       0 |       5 |   0.0 |   146
           D:7 |       0 |       1 |   0.0 |       0 |       1 |   0.0 |    60
           D:8 |       0 |    1523 |   0.0 |       0 |      10 |   0.0 |   264
           D:9 |       0 |     153 |   0.0 |       0 |       7 |   0.0 |   148
          D:10 |       0 |     179 |   0.0 |       0 |       5 |   0.0 |   126
          D:11 |       0 |     268 |   0.0 |       0 |       6 |   0.0 |   239
          D:12 |       0 |     347 |   0.0 |       0 |       3 |   0.0 |   112
               +---------+---------+-------+---------+---------+-------+---------
